 Dungeon Crawl Stone Soup version 0.20-a0-681-gf83e07f (webtiles) character file.

51 polly the Ducker (level 3, 0/28 HPs)
             Began as a Demonspawn Gladiator on Feb 19, 2017.
             Was an Initiate of Okawaru.
             Succumbed to a kobold's poison
             ... on level 2 of the Dungeon.
             The game lasted 00:02:23 (1027 turns).

polly the Ducker (Demonspawn Gladiator)             Turns: 1027, Time: 00:02:24

Health: 0/28       AC:  9    Str: 20    XL:     3   Next: 58%
Magic:  3/3        EV: 14    Int:  9    God:    Okawaru [......]
Gold:   83         SH:  0    Dex: 19    Spells: 2/2 levels left

rFire    + . .     SeeInvis .   (no weapon)
rCold    + . .     Gourm    .   k - +0 chain mail
rNeg     . . .     Faith    .   (no shield)
rPois    +         Spirit   .   c - +0 helmet
rElec    +         Reflect  .   (no cloak)
rCorr    +         Harm     .   (no gloves)
MR       .....                  (no boots)
Stlth    ..........             (no amulet)
Regen    0.1/turn               (no ring)
MPRegen  0.1/turn               (no ring)

@: mighty, agile, lethally poisoned (0 -> -2), exhausted, resistant, slowed,
very slow
A: claws 2
a: Renounce Religion


You were on level 2 of the Dungeon.
You worshipped Okawaru.
Okawaru was noncommittal.
You were completely stuffed.

You visited 1 branch of the dungeon, and saw 2 of its levels.

You collected 83 gold pieces.

Inventory:

Missiles
 d - 3 throwing nets (quivered)
Armour
 c - a +0 helmet (worn)
 k - a +0 chain mail (worn)
Jewellery
 a - an uncursed amulet of the gourmand {unknown}
Scrolls
 b - a scroll of enchant armour {unknown}
 e - 4 scrolls of identify {unknown}
 g - a scroll of amnesia {unknown}
Potions
 h - a potion of berserk rage
Comestibles
 n - a meat ration


   Skills:
 + Level 2.4 Fighting
   Level 3.1 Long Blades
 - Level 2.0 Throwing
 + Level 0.6 Armour
 + Level 3.3 Dodging
 * Level 0.1 Unarmed Combat


You had 2 spell levels left.
You didn't know any spells.

Dungeon Overview and Level Annotations

Branches:
Dungeon (2/15)

Altars:
Okawaru


Innate Abilities, Weirdness & Mutations

You have very sharp fingernails.


Message History

* * * LOW HITPOINT WARNING * * *
You feel sick.
* * * LOW HITPOINT WARNING * * *
You feel sick.
Things that are here:
a dagger of venom; a kobold corpse
* * * LOW HITPOINT WARNING * * *
You feel sick.
You're too exhausted to go berserk.
You're too exhausted to go berserk.
You eat one of the 2 bread rations.
That bread ration really hit the spot!
Throwing (i - inventory):
d - 3 throwing nets (quivered)
Press: ? - help, Shift-Dir - straight line, f - you
Okay, then.
You eat the bread ration.
That bread ration really hit the spot!
* * * LOW HITPOINT WARNING * * *
You feel sick.
You're too full to eat anything.
You're too exhausted to go berserk.
You die...

##.######.###..###.#....
........#...#..###.##...
##.......##......#.# ###
..........##..##.#.#
......†)..##...#...#
..........##...# #.#
#.........##...# ##
#.........##...#
.......@..######
#.........# #.........#
#.......(.# #.........#
##.......## ##.....##
#######


There were no monsters in sight!

Vanquished Creatures
  An adder (D:2)
  2 dart slugs
  2 leopard geckos (D:1)
  2 bats
  A giant cockroach (D:2)
  5 hobgoblins
  5 jackals (D:1)
  2 kobolds
  3 frilled lizards (D:1)
  6 goblins
  5 rats
34 creatures vanquished.

Notes
Turn   | Place    | Note
-------+----------+-------------------------------------------
     0 | D:1      | polly the Demonspawn Gladiator began the quest for the Orb.
     0 | D:1      | Reached XP level 1. HP: 16/16 MP: 1/1
   127 | D:1      | Found an iron altar of Okawaru.
   134 | D:1      | Gained mutation: You have sharp fingernails. [demonic ancestry]
   134 | D:1      | Reached XP level 2. HP: 21/22 MP: 2/2
   139 | D:1      | Became a worshipper of Warmaster Okawaru
   621 | D:1      | Gained mutation: You have very sharp fingernails. [demonic ancestry]
   621 | D:1      | Reached XP level 3. HP: 14/27 MP: 3/3
  1021 | D:2      | HP: 1/28 [poisoned by a kobold]
  1027 | D:2      | Succumbed to a kobold's poison

Vault maps used:
D:1:      doesnt_arrival_goblin_jail, minmay_hexomino_r4
D:2:      st_stairs_12, minmay_misc_feat_tower, kennysheep_nondescript

Skill      XL: |  1  2 |
---------------+-------+-----
Throwing       | 2 |  2.0
Dodging        | 3 |  3.3
Long Blades    | 3 |  3.1
Fighting       | |  2.4
Armour         | |  0.6
Unarmed Combat | |  0.1

Action                   || total
-------------------------++-------
Melee: Long sword        ||    62
       Unarmed           ||    47
  Use: Potion            ||     5
  Eat: Bread ration      ||     2
Armor: Leather armour    ||     7
       Chain mail        ||    52
Dodge: Dodged            ||    47
       Rpst.: Long sword ||    12
